 Dungeon Crawl Stone Soup version 0.30-a0-643-g638baaf3f0 (webtiles) character file.

Game seed: 9389127318377986225

1369 thomashodgkinson1987 the Thaumaturge (level 8, 0/41 HPs)
             Began as a Deep Elf Fire Elementalist on Jan 16, 2023.
             Was an Initiate of the Shining One.
             Shot with an arrow by a centaur (11 damage)
             ... while paralysed by a centaur
             ... on level 5 of the Dungeon.
             The game lasted 00:20:29 (4677 turns).

thomashodgkinson1987 the Thaumaturge (DEFE)         Turns: 4677, Time: 00:20:30

Health: 0/41       AC: 13    Str:  5    XL:     8   Next: 38%
Magic:  22/23      EV:  2    Int: 23    God:    the Shining One [......]
Gold:   240        SH:  0    Dex: 15    Spells: 22/25 levels left

rFire   + . .      SeeInvis .    C - +0 dagger
rCold   . . .      Faith    .    (no shield)
rNeg    . . .      Spirit   .    a - +1 robe
rPois   .          Reflect  +    i - +2 helmet
rElec   .          Harm     .    (no cloak)
rCorr   .          Rampage  .    u - +2 pair of gloves
Will    .....                    (no boots)
Stlth   +                        o - amulet of reflection
HPRegen 0.26/turn                s - +4 ring of protection
MPRegen 0.18/turn                r - ring of protection from fire

@: paralysed, glowing
A: no striking features
a: Renounce Religion


You were on level 5 of the Dungeon.
You worshipped the Shining One.
The Shining One was noncommittal.
You visited 2 branches of the dungeon, and saw 6 of its levels.

You collected 240 gold pieces.

Inventory:

Hand Weapons
 x - a +0 sling
 A - a +0 scimitar
 C - a +0 dagger (weapon)
Missiles
 d - 6 boomerangs
 h - 33 stones
 q - 4 poisoned darts
Armour
 a - a +1 robe (worn)
 i - a +2 helmet (worn)
 u - a +2 pair of gloves (worn)
Jewellery
 j - the amulet "Uppys" {Spirit rPois}
   (You found it on level 2 of the Dungeon)

   [amulet of guardian spirit]

   It causes incoming damage to be divided between your reserves of health and
   magic.
   rPois:     It protects you from poison.
 o - an amulet of reflection (around neck)
 p - a ring of flight
 r - a ring of protection from fire (right hand)
 s - a +4 ring of protection (left hand)
Wands
 m - a wand of paralysis (10)
Scrolls
 f - 2 scrolls of teleportation
 y - a scroll of identify
 z - a scroll of fog
 B - a scroll of blinking {unknown}
Potions
 c - 3 potions of invisibility
 e - 2 potions of lignification
 g - 4 potions of curing
 k - 2 potions of flight
 l - 2 potions of cancellation
 n - 5 potions of berserk rage
 t - 2 potions of might
 v - a potion of attraction
 w - 2 potions of heal wounds {unknown}


   Skills:
 + Level 0.1 Throwing
 + Level 2.8 Dodging
 + Level 4.2 Stealth
 + Level 0.4 Shields
 + Level 9.2 Spellcasting
 + Level 3.3 Conjurations
 + Level 7.8 Fire Magic


You had 22 spell levels left.
You knew the following spells:

 Your Spells              Type           Power      Damage    Failure   Level
a - Foxfire               Conj/Fire      100%       2x1d9     1%          1
b - Scorch                Fire           92%        2d9       1%          2

Your spell library contained the following spells:

 Spells                   Type           Power      Damage    Failure   Level
 Inner Flame              Hex/Fire       28%        N/A       3%          3
 Beastly Appendage        Tmut           20%        N/A       6%          1
 Kindle Blastsparks       Fire/Tloc/Air  44%        2d13      6%          3
 Flame Wave               Conj/Fire      36%        2d10      6%          4
 Wereblood                Tmut           10%        N/A       10%         2
 Call Canine Familiar     Summ           10%        N/A       19%         3
 Portal Projectile        Hex/Tloc       20%        N/A       19%         3
 Spider Form              Tmut/Pois      10%        N/A       19%         3
 Leda's Liquefaction      Hex/Erth       5%         N/A       52%         4


Dungeon Overview and Level Annotations

Branches:
Dungeon (5/15)             Temple (1/1) D:5

Altars:
Ashenzari
Cheibriados
Elyvilon
Gozag
Kikubaaqudgha
Makhleb
Okawaru
Qazlal
Ru
Uskayaw
Vehumet
Wu Jian
Xom
Yredelemnul
Zin
The Shining One

Shops:
D:1 *   D:4 :


Message History

The foxfire hits the quokka!
You kill the quokka!
You start resting.
Your foxfire dissipates!
You start resting.
HP restored.
You see here a +0 dagger.
There is an open door here.
Found 6 stones.
The two-headed ogre shouts in stereo!
The two-headed ogre hits you with a +0 giant club! x2
There is an open door here.
You see here a +0 dagger.
The two-headed ogre attacks as you move away!
The two-headed ogre barely misses you. x2
There is an open door here.
You close the door.
A two-headed ogre breaks down the door.
You see here a hound skeleton.
You see here a +0 hand axe.
You see here a +0 giant club.
You start resting.
A two-headed ogre is nearby!
The two-headed ogre attacks as you move away!
The two-headed ogre hits you with a +0 giant club!
The two-headed ogre completely misses you.
The two-headed ogre attacks as you move away!
You block the two-headed ogre's attack. The two-headed ogre closely misses you.
A centaur comes into view.
It is wielding a +0 short sword and carrying a wand of paralysis (7).
The centaur shouts!
The centaur unwields a +0 short sword.
The centaur wields a +0 shortbow.
The centaur shoots an arrow.
The arrow hits you.
The centaur zaps a wand.
You suddenly lose the ability to move!
The centaur shoots an arrow.
The arrow hits you.
The centaur zaps a wand.
You easily resist.
The two-headed ogre hits you with a +0 giant club!!
The Shining One protects you from harm!
The two-headed ogre hits you with a +0 giant club.
* * * LOW HITPOINT WARNING * * *
The centaur shoots an arrow.
The arrow hits you!
You die...

# #.##.#..# ... #
#.##.#... ...... #
#.##.#.... #....# #
#.##.#.#.####....#
###.# #........c..#
....# #####.##....# .
##### #.##....# .. # #
####.##....##... #
#.##.....'.@..'.... #
#........#.O..##... #
####.##..##...# #
#.###.##...# # #.#
#)...#####.###
#########.#
#.##.###......
..........# #.....>..#
...###############)###
.....# ###.?#......#


You could see a two-headed ogre and a centaur.

Vanquished Creatures
  Menkaure (D:4)
  A water moccasin (D:5)
  2 black bears (D:4)
  An ogre (D:5)
  An ice beast (D:5)
  A bullfrog (D:4)
  2 necrophages
  A scorpion (D:4)
  2 jellies (D:5)
  5 hounds (D:5)
  An orc priest (D:4)
  3 orc wizards (D:5)
  3 iguanas (D:5)
  4 adders
  A shadow imp (D:5)
  A white imp (D:5)
  2 worms
  3 dart slugs
  12 orcs
  3 ball pythons
  7 endoplasms
  4 goblins
  5 hobgoblins
  2 jackals (D:1)
  6 kobolds
  8 quokkas
  5 bats
  8 frilled lizards
  2 rats
97 creatures vanquished.

Vanquished Creatures (collateral kills)
  14 foxfires (D:1)
14 creatures vanquished.

Vanquished Creatures (others)
  278 foxfires
  7 plants (D:1)
285 creatures vanquished.

Grand Total: 396 creatures vanquished

Notes
Turn   | Place    | Note
-------+----------+-------------------------------------------
     0 | D:1      | thomashodgkinson1987 the Deep Elf Fire Elementalist began
                  | the quest for the Orb.
     0 | D:1      | Reached XP level 1. HP: 10/10 MP: 6/6
   115 | D:1      | Found Qiyrphou's General Store.
   278 | D:1      | Reached XP level 2. HP: 15/15 MP: 4/8
   719 | D:1      | Reached XP level 3. HP: 19/19 MP: 5/10
  1252 | D:2      | Identified the amulet "Uppys" {Spirit rPois}
  1606 | D:2      | Found a basalt altar of Yredelemnul.
  1858 | D:1      | Reached XP level 4. HP: 24/24 MP: 6/11
  1979 | D:3      | Learned a level 2 spell: Scorch
  1983 | D:3      | Reached skill level 4 in Spellcasting
  2668 | D:4      | Noticed a bullfrog
  2674 | D:4      | Killed a bullfrog
  2675 | D:4      | Reached XP level 5. HP: 28/28 MP: 9/14
  2719 | D:4      | Reached skill level 5 in Spellcasting
  2719 | D:4      | Reached skill level 5 in Fire Magic
  2960 | D:4      | Reached XP level 6. HP: 32/32 MP: 12/16
  2993 | D:4      | Noticed Menkaure
  3027 | D:4      | Killed Menkaure
  3028 | D:4      | Reached skill level 6 in Spellcasting
  3111 | D:4      | Reached XP level 7. HP: 36/36 MP: 11/18
  3477 | D:4      | Found Yzah's Book Emporium.
  3694 | D:5      | Entered Level 5 of the Dungeon
  3748 | D:5      | Reached skill level 7 in Spellcasting
  3804 | D:5      | Found a staircase to the Ecumenical Temple.
  3813 | Temple   | Entered the Ecumenical Temple
  3972 | Temple   | Became a worshipper of the Shining One
  4308 | D:5      | Reached skill level 8 in Spellcasting
  4430 | D:5      | Noticed a two-headed ogre
  4446 | D:5      | Reached XP level 8. HP: 41/41 MP: 9/22
  4559 | D:5      | Found the ring of the Hare {EV+10}
  4602 | D:5      | Reached skill level 9 in Spellcasting
  4674 | D:5      | Paralysed by a centaur for 4 turns
  4676 | D:5      | The Shining One protects you from harm!
  4677 | D:5      | Shot with an arrow by a centaur

Illustrated notes

Levels and vault maps discovered:
D:1:      dpeg_arrival_brainrot, layout_basic, serial_shops, shop,
          serial_forest, infiniplex_forest_clump_long,
          infiniplex_forest_clump_curved, infiniplex_forest_corner_2,
          infiniplex_forest_diagonal, infiniplex_forest_clump_small,
          infiniplex_forest_clump_medium, infiniplex_forest_clump_tiny,
          infiniplex_forest_clump_tiny
D:2:      layout_rooms, basic_altar, nicolae_elevator_lobby_asterisk
D:3:      layout_basic, hangedman_decor_slide_cut
D:4:      nicolae_cairo_tiling_large_dashed, layout_basic, serial_shops,
          nicolae_shop_waterfront, minmay_misc_feat_x, uniq_menkaure
D:5:      minmay_clustersquares, layout_basic, minmay_temple_entry_large_hall
Temple:   nicolae_temple_bog_church

Skill      XL: |  1  2  3  4  5  6  7  8 |
---------------+-------------------------+-----
Fire Magic     | 4 5 7 |  7.8
Stealth        | 3 4 |  4.2
Spellcasting   | 4 5 6 8 9 |  9.2
Conjurations   | 2 3 |  3.3
Throwing       | |  0.1
Dodging        | |  2.8
Shields        | |  0.4

Action                   |  1- 3 |  4- 6 |  7- 9 || total
-------------------------+-------+-------+-------++-------
Throw: Boomerang         |       |     1 |       ||     1
 Cast: Foxfire           |    92 |    39 |    43 ||   174
       Scorch            |       |    12 |    31 ||    43
  Use: Scroll            |     8 |     5 |     2 ||    15
       Potion            |       |       |     1 ||     1
Armor: Robe              |     1 |     1 |     6 ||     8
Dodge: Dodged            |     8 |     6 |    10 ||    24
Block: Other             |       |     2 |     3 ||     5

Table legend: (Time is in decaauts)
 A = Elapsed time spent in this place.
 B = Non-inter-level travel time spent in this place.
 C = Inter-level travel time spent in this place.
 D = Time resting spent in this place.
 E = Time spent auto-exploring this place.
 F = Levels seen in this place.
 G = Mean time per level.
                   A        B        C        D        E       F      G
               +--------+--------+--------+--------+--------+-----+--------+
         Total |   4672 |   4517 |    155 |    762 |   2800 |   6 |  778.7 |
       Dungeon |   4485 |   4355 |    130 |    762 |   2686 |   5 |  897.0 |
        Temple |    187 |    162 |     25 |      0 |    114 |   1 |  187.0 |
               +--------+--------+--------+--------+--------+-----+--------+

Top non-repeatable levels by time:
     D:1: 1038 daAuts
     D:4: 1026 daAuts
     D:3: 856 daAuts
     D:5: 794 daAuts
     D:2: 769 daAuts
  Temple: 187 daAuts
